 Dungeon Crawl Stone Soup version 0.22-a0-422-g9628fc8 (webtiles) character file.

426 galech the Shooter (level 6, -5/47 HPs)
             Began as a Gnoll Wanderer on May 17, 2018.
             Was an Initiate of Okawaru.
             Slain by an ogre
             ... wielding a +0 giant club
              (18 damage)
             ... on level 5 of the Dungeon.
             The game lasted 00:06:29 (3304 turns).

galech the Shooter (Gnoll Wanderer)                 Turns: 3304, Time: 00:06:30

Health: -5/47      AC:  3    Str: 14    XL:     6   Next: 97%
Magic:  9/9        EV: 12    Int: 13    God:    Okawaru [......]
Gold:   176        SH:  0    Dex: 18    Spells: 9/9 levels left

rFire    . . .     SeeInvis .   k - +2 mace (crush)
rCold    + . .     Gourm    .   (no shield)
rNeg     . . .     Faith    .   v - +0 leather armour {rC+}
rPois    .         Spirit   .   (no helmet)
rElec    .         Reflect  .   q - scarf {cloud immunity}
rCorr    .         Harm     .   (no gloves)
MR       .....                  (no boots)
Stlth    ++........             t - amulet of inaccuracy (curse)
HPRegen  0.15/turn              (no ring)
MPRegen  0.11/turn              (no ring)

@: no status effects
A: distributed training, fangs 1, strong nose
a: Renounce Religion


You were on level 5 of the Dungeon.
You worshipped Okawaru.
Okawaru was noncommittal.
You were not hungry.

You visited 1 branch of the dungeon, and saw 5 of its levels.

You collected 176 gold pieces.

Inventory:

Hand Weapons
 a - a +2 shortbow
 k - a +2 mace of crushing (weapon)
 l - a +0 battleaxe of pain
 n - a -3 spear
 u - a +1 trident of protection
Missiles
 b - 32 arrows
Armour
 e - a +0 robe
 m - a +0 leather armour
 q - a scarf of cloud immunity (worn)
 r - a +0 ring mail
 v - a +0 leather armour of cold resistance (worn)
Jewellery
 t - a cursed amulet of inaccuracy (around neck)
Wands
 d - a wand of random effects (15)
Scrolls
 g - a scroll of magic mapping
 p - a scroll of enchant weapon {unknown}
 s - a scroll of identify
Potions
 c - a potion of curing
 h - a potion of cancellation
 i - a potion of lignification {unknown}
 j - a potion of heal wounds {unknown}
 o - a potion of brilliance {unknown}
Comestibles
 f - 5 rations


   Skills:
 + Level 3.3 Fighting
 + Level 2.1 Short Blades
 + Level 2.1 Long Blades
 + Level 2.1 Axes
 + Level 6.9 Maces & Flails
 + Level 2.1 Polearms
 + Level 2.1 Staves
 + Level 2.1 Slings
 + Level 6.9 Bows
 + Level 2.1 Crossbows
 + Level 2.1 Throwing
 + Level 3.3 Armour
 + Level 2.1 Dodging
 + Level 2.1 Stealth
 + Level 3.3 Shields
 + Level 2.1 Unarmed Combat
 + Level 2.1 Spellcasting
 + Level 1.7 Conjurations
 + Level 1.7 Hexes
 + Level 1.7 Charms
 + Level 1.7 Summonings
 + Level 1.7 Necromancy
 + Level 1.7 Translocations
 + Level 1.7 Transmutations
 + Level 1.7 Fire Magic
 + Level 1.7 Ice Magic
 + Level 1.7 Air Magic
 + Level 1.7 Earth Magic
 + Level 1.7 Poison Magic
 + Level 2.3 Invocations
 + Level 3.3 Evocations


You had 9 spell levels left.
You didn't know any spells.
Your spell library was empty.

Dungeon Overview and Level Annotations

Branches:
Dungeon (5/15)
 Temple: D:4-7

Altars:
Dithmenos
Nemelex Xobeh
Okawaru
Sif Muna
Uskayaw

Annotations:
D:3 Sigmund


Innate Abilities, Weirdness & Mutations

Your experience applies equally to all skills.
You have very sharp teeth.
Your uncanny sense of smell can sniff out nearby items.


Message History

You are too injured to fight recklessly!
You are too injured to fight recklessly!
You are too injured to fight recklessly!
You are too injured to fight recklessly!
You are too injured to fight recklessly!
You are too injured to fight recklessly!
You are too injured to fight recklessly!
You are too injured to fight recklessly!
You are too injured to fight recklessly!
You are too injured to fight recklessly!
You are too injured to fight recklessly!
You are too injured to fight recklessly!
You are too injured to fight recklessly!
You are too injured to fight recklessly!
You barely miss the ogre.
The ogre is severely wounded.
The centaur hits you!
* * * LOW HITPOINT WARNING * * *
The ogre hits you with a giant club!!
You die...

# .#
∆####.#####
#.<.......
#..#.####.
##@.....#
#Oc.......
#.##.#####
.. ... ##.
.### .. #
.. .##


You could see an ogre and a centaur.

Vanquished Creatures
  Eustachio (D:4)
  Blork the orc (D:4)
  A hound (D:4)
  An orc priest (D:4)
  An iguana (D:4)
  A gnoll (D:1)
  6 adders
  2 oozes (D:1)
  3 dart slugs
  3 leopard geckos
  3 orcs
  4 bats
  9 giant cockroaches
  4 goblins
  5 hobgoblins
  2 quokkas (D:2)
  A ball python (D:1)
  A ball python skeleton (D:4)
  9 frilled lizards
  7 kobolds
  6 rats
  A toadstool (D:1)
72 creatures vanquished.

Vanquished Creatures (others)
  3 toadstools (D:1)
3 creatures vanquished.

Grand Total: 75 creatures vanquished

Notes
Turn   | Place    | Note
-------+----------+-------------------------------------------
     0 | D:1      | galech the Gnoll Wanderer began the quest for the Orb.
     0 | D:1      | galech set off with: a +2 shortbow, 23 arrows, a potion of curing, a wand of random effects (15), a +0 robe, a ration
     0 | D:1      | Reached XP level 1. HP: 17/17 MP: 2/2
    66 | D:1      | Reached XP level 2. HP: 23/23 MP: 3/3
   114 | D:1      | Reached XP level 3. HP: 28/28 MP: 4/4
   277 | D:1      | Reached skill level 1 in Invocations
   863 | D:2      | Reached skill level 1 in Short Blades
   863 | D:2      | Reached skill level 1 in Long Blades
   863 | D:2      | Reached skill level 1 in Axes
   863 | D:2      | Reached skill level 1 in Polearms
   863 | D:2      | Reached skill level 1 in Staves
   863 | D:2      | Reached skill level 1 in Slings
   863 | D:2      | Reached skill level 1 in Crossbows
   863 | D:2      | Reached skill level 1 in Throwing
   863 | D:2      | Reached skill level 1 in Dodging
   863 | D:2      | Reached skill level 1 in Stealth
   863 | D:2      | Reached skill level 1 in Unarmed Combat
   863 | D:2      | Reached skill level 1 in Spellcasting
   949 | D:2      | Reached XP level 4. HP: 34/34 MP: 6/6
  1048 | D:2      | Found a hide-covered altar of Uskayaw.
  1052 | D:2      | Noticed a hand axe
  1053 | D:2      | Noticed a dagger
  1386 | D:2      | Reached skill level 1 in Conjurations
  1386 | D:2      | Reached skill level 1 in Hexes
  1386 | D:2      | Reached skill level 1 in Charms
  1386 | D:2      | Reached skill level 1 in Summonings
  1386 | D:2      | Reached skill level 1 in Necromancy
  1386 | D:2      | Reached skill level 1 in Translocations
  1386 | D:2      | Reached skill level 1 in Transmutations
  1386 | D:2      | Reached skill level 1 in Fire Magic
  1386 | D:2      | Reached skill level 1 in Ice Magic
  1386 | D:2      | Reached skill level 1 in Air Magic
  1386 | D:2      | Reached skill level 1 in Earth Magic
  1386 | D:2      | Reached skill level 1 in Poison Magic
  1512 | D:2      | Found a shadowy altar of Dithmenos.
  2020 | D:3      | Reached XP level 5. HP: 34/40 MP: 7/7
  2075 | D:3      | Noticed Sigmund
  2309 | D:4      | Noticed Eustachio
  2327 | D:4      | Killed Eustachio
  2327 | D:4      | Reached XP level 6. HP: 31/47 MP: 8/8
  2435 | D:4      | Found a deep blue altar of Sif Muna.
  2538 | D:4      | Noticed Blork the orc
  2548 | D:4      | Killed Blork the orc
  2668 | D:4      | Found an iron altar of Okawaru.
  2674 | D:4      | Became a worshipper of Warmaster Okawaru
  3197 | D:4      | Found a sparkling altar of Nemelex Xobeh.
  3295 | D:5      | Entered Level 5 of the Dungeon
  3304 | D:5      | Slain by an ogre

Vault maps used:
D:1:      ldierk_water_garden
D:2:      dancing_weapons_uskayaw, marbit_many_paths
D:3:      grunt_temple_overflow_opulence, first_ration, uniq_sigmund
D:4:      old_standard_altar, old_standard_altar, grunt_ministairs_1, hex_large,
          minivault_11, nemelex_diamond_rough_becter, uniq_eustachio,
          uniq_blork_the_orc
D:5:      kennysheep_mini_moat, minmay_temple_entry_trees, basic_altar

Skill      XL: |  1  2  3  4  5  6 |
---------------+-------------------+-----
Invocations    | 1 2 |  2.3
Short Blades   | 1 2 |  2.1
Long Blades    | 1 2 |  2.1
Axes           | 1 2 |  2.1
Polearms       | 1 2 |  2.1
Staves         | 1 2 |  2.1
Slings         | 1 2 |  2.1
Crossbows      | 1 2 |  2.1
Throwing       | 1 2 |  2.1
Dodging        | 1 2 |  2.1
Stealth        | 1 2 |  2.1
Unarmed Combat | 1 2 |  2.1
Spellcasting   | 1 2 |  2.1
Conjurations   | 1 |  1.7
Hexes          | 1 |  1.7
Charms         | 1 |  1.7
Summonings     | 1 |  1.7
Necromancy     | 1 |  1.7
Translocations | 1 |  1.7
Transmutations | 1 |  1.7
Fire Magic     | 1 |  1.7
Ice Magic      | 1 |  1.7
Air Magic      | 1 |  1.7
Earth Magic    | 1 |  1.7
Poison Magic   | 1 |  1.7
Fighting       | 3 |  3.3
Armour         | 3 |  3.3
Shields        | 3 |  3.3
Evocations     | 3 |  3.3
Maces & Flails | |  6.9
Bows           | |  6.9

Action                   |  1- 3 |  4- 6 || total
-------------------------+-------+-------++-------
Melee: Spear             |    45 |       ||    45
       Bite              |     4 |     7 ||    11
       Trident           |       |    57 ||    57
       Punch             |       |     1 ||     1
       Mace              |       |    13 ||    13
 Fire: Shortbow          |    56 |    63 ||   119
  Use: Scroll            |     5 |     1 ||     6
 Stab: Sleeping          |     1 |     1 ||     2
  Eat: Chunk             |       |     7 ||     7
Armor: Leather armour    |    19 |    37 ||    56
Dodge: Dodged            |    26 |    84 ||   110

Table legend:
 A = Spawn XP
 B = Non-spawn XP
 C = Spawn XP percentage of total XP
 D = Spawn monster count
 E = Non-spawn monster count
 F = Spawn count percentage of total count
 G = Total turns spent on level
                    A         B        C        D         E        F      G
               +---------+---------+-------+---------+---------+-------+---------
         Total |       0 |     609 |   0.0 |       0 |      71 |   0.0 |  3304
               +---------+---------+-------+---------+---------+-------+---------
           D:1 |       0 |      74 |   0.0 |       0 |      31 |   0.0 |   860
           D:2 |       0 |      65 |   0.0 |       0 |      22 |   0.0 |   931
           D:3 |       0 |      35 |   0.0 |       0 |       7 |   0.0 |   331
           D:4 |       0 |     435 |   0.0 |       0 |      11 |   0.0 |  1173
               +---------+---------+-------+---------+---------+-------+---------
